 Dungeon Crawl Stone Soup version 0.20-a0-303-g575bbf7 (webtiles) character file.

3380 Goblin1989 the Carver (level 9, -5/69 HPs)
             Began as a Vampire Gladiator on Dec 17, 2016.
             Was an Initiate of Okawaru.
             Slain by a yak (9 damage)
             ... on level 8 of the Dungeon.
             The game lasted 00:23:32 (6164 turns).

Goblin1989 the Carver (Vampire Gladiator)           Turns: 6164, Time: 00:23:33

Health: -5/69      AC: 13    Str: 17    XL:     9   Next: 74%
Magic:  9/9        EV:  9    Int: 11    God:    Okawaru [......]
Gold:   481        SH:  7    Dex: 14    Spells: 8/8 levels left

rFire  . . .     SeeInvis +     o - +0 long sword (slice)
rCold  . . .     Gourm    .     a - +1 chain mail {rN+}
rNeg   + . .     Faith    .     k - +2 buckler
rPois  .         Spirit   .     c - +0 helmet
rElec  .         Reflect  .     (no cloak)
rCorr  +         Harm     .     (no gloves)
MR     .....                    (no boots)
Stlth  ..........               r - amulet of regeneration
                                g - ring of resist corrosion
                                l - +2 ring of protection

@: regenerating quickly
A: fangs 3, see invisible, unbreathing
a: Renounce Religion


You were on level 8 of the Dungeon.
You worshipped Okawaru.
Okawaru was noncommittal.
You were almost alive.

You visited 2 branches of the dungeon, and saw 9 of its levels.
You also visited: Sewer.

You collected 481 gold pieces.

Inventory:

Hand Weapons
 o - a +0 long sword of slicing (weapon)
Missiles
 Z - 3 throwing nets {=f, !d}
Armour
 a - a +1 chain mail of positive energy (worn)
 c - a +0 helmet (worn)
 k - a +2 buckler (worn)
Jewellery
 g - a ring of resist corrosion (right hand)
 l - a +2 ring of protection (left hand)
 r - an amulet of regeneration (around neck)
Scrolls
 b - 4 scrolls of enchant armour {unknown}
 h - 3 scrolls of teleportation {unknown}
 j - 2 scrolls of blinking {unknown}
 n - 2 scrolls of enchant weapon {unknown}
 s - 5 scrolls of remove curse {@r2}
 t - 3 scrolls of noise {unknown}
 u - 2 scrolls of amnesia {unknown}
 v - a scroll of recharging {unknown}
 x - a scroll of holy word {unknown}
 A - a scroll of random uselessness {unknown}
 B - a scroll of summoning {unknown}
 C - a scroll of magic mapping {unknown}
 R - 8 scrolls of identify {@r1}
Potions
 f - a potion of magic {unknown}
 i - 5 potions of lignification {unknown}
 m - 5 potions of heal wounds {unknown}
 p - 4 potions of curing {@q1}
 q - 40 potions of blood
 w - 2 potions of degeneration {unknown}
 y - 2 potions of flight {unknown}
 z - a potion of beneficial mutation {unknown}


   Skills:
 + Level 5.7 Fighting
 * Level 9.9 Long Blades
 - Level 1.5 Throwing
 + Level 4.7 Armour
 + Level 4.8 Dodging
 - Level 4.1 Shields


You had 8 spell levels left.
You didn't know any spells.

Dungeon Overview and Level Annotations

Branches:
Dungeon (8/15)             Temple (1/1) D:6
   Lair: D:8-11

Altars:
Ashenzari
Cheibriados
Dithmenos
Elyvilon
Gozag
Hepliaklqana
Kikubaaqudgha
Makhleb
Nemelex Xobeh
Okawaru
Qazlal
Ru
Sif Muna
Trog
Uskayaw
Vehumet
Xom
Yredelemnul
The Shining One
Jiyva

Shops:
D:6 %

Annotations:
D:4 psellion's ghost, novice TrMo


Innate Abilities, Weirdness & Mutations

Your natural rate of healing is unusually fast.
You have razor-sharp teeth.
You have supernaturally acute eyesight. (SInv)
You can survive without breathing.


Message History

You are too injured to fight recklessly!
Unknown command.
You closely miss the yak.
The yak is moderately wounded.
The yak gores you. The yak gores you but does no damage.
You take 5 damage, and have 34/69 hp.
You hit the yak but do no damage.
The yak is moderately wounded.
The yak gores you. The yak gores you!
* * * LOW HITPOINT WARNING * * *
You take 13 damage, and have 21/69 hp.
You hit the yak. You bite the yak.
The yak is heavily wounded.
The yak gores you!
* * * LOW HITPOINT WARNING * * *
The yak gores you!
* * * LOW HITPOINT WARNING * * *
You take 18 damage, and have 3/69 hp.
MASSIVE DAMAGE!!
The yak gores you!
You die...

... ..P. ..... ..
..P.P
...████▲▲█.....
...h.....P.PP..
..h............
████..P.P...P.P.P.
█@.YY.P.......P..≈ ♣
█)Y█..P...P.P....≈
♣.████..P.P.P.P.P.P.
♣.......P...P.P.P...
♣♣♣.......P.P.P.P.P.
♣♣....P.P.P.P...P.
♣.♣..P...P.P...P.
♣..♣..P.....P.P...
♣..♣♣..............


You could see 3 yaks.

Vanquished Creatures
  The ghost of Goblin1989 the Slasher, an amateur DsMo (D:5)
  4 hogs (D:7)
  A human (D:7)
  Menkaure (D:4)
  A black bear (D:7)
  2 phantoms
  An orc warrior (D:7)
  5 ogres
  2 centaurs (D:7)
  A big kobold (Sewer)
  5 bullfrogs (D:8)
  A scorpion (D:5)
  A howler monkey (D:4)
  A bullfrog zombie (D:7)
  4 hounds
  2 jellies
  An orc priest (D:3)
  A centaur skeleton (D:8)
  A gnoll shaman (D:5)
  3 iguanas
  5 orc wizards
  2 worker ants
  A worker ant zombie (D:5)
  11 gnolls
  14 adders
  2 river rats (Sewer)
  A shadow imp (D:7)
  2 oozes
  An adder skeleton (D:8)
  5 worms
  9 leopard geckos
  20 orcs
  4 ball pythons
  9 bats
  3 giant cockroaches
  7 hobgoblins
  9 jackals
  14 kobolds
  5 quokkas
  10 frilled lizards
  7 goblins
  A jackal zombie (D:6)
  A leopard gecko skeleton (D:4)
  13 rats
195 creatures vanquished.

Vanquished Creatures (others)
  5 plants (D:8)
5 creatures vanquished.

Grand Total: 200 creatures vanquished

Notes
Turn   | Place    | Note
-------+----------+-------------------------------------------
     0 | D:1      | Goblin1989 the Vampire Gladiator began the quest for the Orb.
     0 | D:1      | Reached XP level 1. HP: 16/16 MP: 1/1
   144 | D:1      | Reached XP level 2. HP: 22/22 MP: 2/2
   341 | D:1      | Reached skill level 4 in Long Blades
   701 | D:1      | Reached XP level 3. HP: 27/27 MP: 3/3
  1162 | D:2      | Reached XP level 4. HP: 13/33 MP: 4/4
  1353 | D:2      | Reached skill level 5 in Long Blades
  1935 | D:2      | Found a deep blue altar of Sif Muna.
  2029 | D:2      | Reached skill level 1 in Shields
  2029 | D:2      | Reached XP level 5. HP: 38/38 MP: 5/5
  2085 | D:3      | Found a glowing drain.
  2098 | Sewer    | Entered a sewer
  2108 | Sewer    | Reached skill level 1 in Armour
  2224 | Sewer    | Found a white marble altar of Elyvilon.
  2283 | D:3      | Reached XP level 6. HP: 33/46 MP: 6/6
  2383 | D:3      | Found a sacrificial altar of Ru.
  2554 | D:3      | Found an opulent altar of Gozag.
  2718 | D:4      | Reached skill level 6 in Long Blades
  2751 | D:4      | Found a sparkling altar of Nemelex Xobeh.
  2783 | D:4      | Found Astremnuv's Antique Armour Boutique.
  2798 | D:4      | Found an ancient bone altar of Kikubaaqudgha.
  2840 | D:4      | Found a hide-covered altar of Uskayaw.
  3078 | D:4      | Noticed Menkaure
  3087 | D:4      | Killed Menkaure
  3087 | D:4      | Reached XP level 7. HP: 31/51 MP: 7/7
  3186 | D:4      | Found a deep blue altar of Sif Muna.
  3259 | D:4      | Noticed psellion's ghost (novice TrMo)
  3267 | D:5      | Entered Level 5 of the Dungeon
  3337 | D:5      | Noticed Goblin1989's ghost (amateur DsMo)
  3604 | D:5      | Reached skill level 7 in Long Blades
  3799 | D:5      | Found a white marble altar of Elyvilon.
  3825 | D:5      | Reached XP level 8. HP: 49/60 MP: 8/8
  3845 | D:6      | Found Jiykkile's Food Emporium.
  3956 | D:6      | Found a staircase to the Ecumenical Temple.
  4024 | Temple   | Entered the Ecumenical Temple
  4447 | D:6      | Found a hazy altar of Hepliaklqana.
  4802 | D:5      | Killed Goblin1989's ghost
  4802 | D:5      | Reached skill level 8 in Long Blades
  5434 | D:7      | Reached XP level 9. HP: 64/67 MP: 9/9
  5586 | D:7      | Reached skill level 5 in Fighting
  5601 | D:7      | Reached skill level 9 in Long Blades
  5787 | D:7      | Found an iron altar of Okawaru.
  5808 | D:7      | Became a worshipper of Warmaster Okawaru
  6163 | D:8      | HP: 3/69 [yak (11)]
  6164 | D:8      | Slain by a yak

Vault maps used:
D:1:      scummos_arrival_simple_fountains, grunt_decor_cap,
          minmay_split_cup_large
D:2:      marbit_many_paths
D:3:      lemuel_coloured_pillars_altar, nicolae_ru_sacrificial_ziggurat,
          portal_sewer_entry_a
D:4:      kiku_gazebo_garden_becter, kennysheep_mini,
          nemelex_xobeh_ov_fountains_minmay, first_bread, serial_shops,
          nicolae_shop_behind_doors, led_sif_pool, uniq_menkaure
D:5:      elyvilon_altar_3
D:6:      kennysheep_little_box, serial_shops, shop
D:7:      old_standard_altar, grunt_livestock
D:8:      kennysheep_town
Temple:   pf_slime_end_temple
Sewer:    sewer_kobolds

Skill      XL: |  1  2  3  4  5  6  7  8  9 |
---------------+----------------------------+-----
Long Blades    | 4 5 6 7 8 9 |  9.9
Fighting       | 2 3 4 5 |  5.7
Shields        | 1 2 3 4 |  4.1
Armour         | 1 2 3 4 |  4.7
Dodging        | 4 |  4.8
Throwing       | |  1.5

Action                   |  1- 3 |  4- 6 |  7- 9 || total
-------------------------+-------+-------+-------++-------
Melee: Long sword        |    97 |   213 |   414 ||   724
       Bite              |    15 |    27 |    53 ||    95
  Use: Potion            |     7 |    11 |    16 ||    34
       Scroll            |       |       |     2 ||     2
 Stab: Distracted        |       |       |     1 ||     1
  Eat: Corpse            |       |       |     1 ||     1
Armor: Leather armour    |    10 |       |       ||    10
       Ring mail         |    13 |     3 |       ||    16
       Chain mail        |       |   101 |   204 ||   305
Dodge: Dodged            |    74 |    73 |   122 ||   269
Block: Buckler           |    13 |    68 |   118 ||   199
       Rpst.: Long sword |    25 |    20 |    42 ||    87

Vault maps used:
D:1:      scummos_arrival_simple_fountains, grunt_decor_cap,
          minmay_split_cup_large
D:2:      marbit_many_paths
D:3:      lemuel_coloured_pillars_altar, nicolae_ru_sacrificial_ziggurat,
          portal_sewer_entry_a
D:4:      kiku_gazebo_garden_becter, kennysheep_mini,
          nemelex_xobeh_ov_fountains_minmay, first_bread, serial_shops,
          nicolae_shop_behind_doors, led_sif_pool, uniq_menkaure
D:5:      elyvilon_altar_3
D:6:      kennysheep_little_box, serial_shops, shop
D:7:      old_standard_altar, grunt_livestock
D:8:      kennysheep_town
Temple:   pf_slime_end_temple
Sewer:    sewer_kobolds
